 Dungeon Crawl Stone Soup version 0.31-a0-705-ga145531891 (webtiles) character file.

Game seed: 457410697628360393

129966 arthad the Warrior (level 17, -2/198 HPs)
             Began as an Ogre Berserker on Sept 9, 2023.
             Was the Champion of Trog.
             Slain by a satyr
             ... wielding a +1 spear of venom
              (5 damage)
             ... on level 4 of the Shoals.
             The game lasted 01:04:03 (26913 turns).

arthad the Warrior (Ogre Berserker)                Turns: 26913, Time: 01:04:03

Health: -2/198     AC: 15    Str: 35    XL:     17   Next: 6%
Magic:  17/17      EV: 16    Int: 11    God:    Trog [******]
Gold:   2340       SH:  0    Dex:  8    Spells: 16/16 levels left

rFire   + + .        a - +8 executioner's axe "Morut" {elec, rC++ Str+4}
rCold   + + +        (shield currently unavailable)
rNeg    . . .        m - +1 swamp dragon scales
rPois   +            J - +2 hat
rElec   +            k - scarf {rC+ rF+}
rCorr   .            (gloves unavailable)
SInv    .            (boots unavailable)
Will    +....        L - amulet of regeneration
Stlth   +            T - ring "Xiuwuap" {rElec rF+ rC+ Int+3 Stlth+}
HPRegen 1.33/turn    z - +5 ring of evasion
MPRegen 0.15/turn

%: no passive effects
@: lethally poisoned (-2 -> -3), afraid, mesmerised, studying Shields
A: large, unfitting armour, tough skin 1, sense surroundings 1
a: Renounce Religion, Berserk, Trog's Hand, Brothers in Arms


You were on level 4 of the Shoals.
You worshipped Trog.
Trog was exalted by your worship.
You visited 4 branches of the dungeon, and saw 26 of its levels.
You visited 1 bazaar.
You also visited: Bailey, Gauntlet and Ice Cave.

You collected 2592 gold pieces.
You spent 252 gold pieces at shops.

Inventory:

Hand Weapons
 a - the +8 executioner's axe "Morut" (weapon) {elec, rC++ Str+4}
   (You acquired it on level 8 of the Dungeon)

   Str+4:     It affects your strength (+4).
   rC++:      It greatly protects you from cold.
 b - a +0 broad axe of flaming
 B - a +2 executioner's axe of venom
 G - a +5 vampiric broad axe
Missiles
 c - 7 javelins
 d - 32 boomerangs
 j - 6 silver javelins
 p - 6 atropa-tipped darts
 F - 5 throwing nets
 K - 6 datura-tipped darts
 U - 50 large rocks (quivered)
Armour
 i - +0 fire dragon scales
 k - a scarf of resistance (worn)
 m - +1 swamp dragon scales (worn)
 J - a +2 hat (worn)
 W - a +1 tower shield of cold resistance
Jewellery
 q - a +4 ring of protection
 z - a +5 ring of evasion (right hand)
 I - a ring of resist corrosion
 L - an amulet of regeneration (around neck)
 S - the ring of Jekommuf {Fly rElec rN+ Int+3}
   (You found it in a Gauntlet)

   [ring of flight]

   Int+3:     It affects your intelligence (+3).
   rElec:     It insulates you from electricity.
   rN+:       It protects you from negative energy.
   Fly:       It grants you flight.
 T - the ring "Xiuwuap" (left hand) {rElec rF+ rC+ Int+3 Stlth+}
   (You found it in an ice cave)

   [ring of protection from cold]

   Int+3:     It affects your intelligence (+3).
   rF+:       It protects you from fire.
   rC+:       It protects you from cold.
   rElec:     It insulates you from electricity.
   Stlth+:    It makes you more stealthy.
Wands
 f - a wand of mindburst (3)
 h - a wand of roots (23)
 n - a wand of digging (2)
 v - a wand of flame (83)
 A - a wand of charming (7)
 N - a wand of light (5)
Scrolls
 e - 3 scrolls of blinking
 r - 4 scrolls of revelation
 u - 2 scrolls of fear
 w - 9 scrolls of teleportation
 x - 2 scrolls of identify
 E - 2 scrolls of summoning
 H - 3 scrolls of enchant weapon
 M - 5 scrolls of poison
 O - a scroll of enchant armour
 V - 2 scrolls of fog
Potions
 g - 4 potions of lignification
 l - 2 potions of mutation
 o - 3 potions of resistance
 t - 3 potions of magic
 y - 3 potions of haste
 P - 8 potions of curing
 Q - 2 potions of enlightenment
 R - 2 potions of might
 X - 3 potions of heal wounds
 Z - 3 potions of cancellation
Miscellaneous
 s - a phial of floods
 C - a lightning rod (4/4)
 D - a box of beasts
 Y - a condenser vane


   Skills:
 + Level 19.4 Fighting
 * Level 15.3 Axes
 + Level 9.2 Throwing
 * Level 12.7 Armour
 + Level 10.4 Dodging
 + Level 7.0 Evocations


You had 16 spell levels left.
You didn't know any spells.
Your spell library contained the following spells:

 Spells                   Type           Power      Damage    Failure   Level
 Magic Dart               Conj           0%         1d3       41%         1
 Shock                    Conj/Air       0%         1d3       41%         1
 Slow                     Hex            0%         N/A       41%         1
 Blink                    Tloc           0%         N/A       56%         2
 Call Imp                 Summ           0%         N/A       56%         2
 Ensorcelled Hibernation  Hex/Ice        0%         N/A       56%         2
 Passwall                 Tmut/Erth      0%         N/A       56%         2
 Searing Ray              Conj           0%         2d4       56%         2
 Confusing Touch          Hex            0%         N/A       80%         3
 Mephitic Cloud           Conj/Pois/Air  0%         N/A       80%         3
 Sigil of Binding         Hex            0%         N/A       80%         3
 Swiftness                Air            0%         N/A       80%         3
 Tukima's Dance           Hex            0%         N/A       80%         3
 Vampiric Draining        Necr           0%         2d6       80%         3
 Airstrike                Air            0%         2d(0-16)  99%         4
 Anguish                  Hex/Necr       0%         N/A       99%         4
 Animate Dead             Necr           0%         N/A       99%         4
 Cause Fear               Hex            0%         N/A       99%         4
 Dimensional Bullseye     Hex/Tloc       0%         N/A       99%         4
 Fulminant Prism          Conj/Hex       0%         3d5       99%         4
 Iskenderun's Mystic Bla  Conj/Tloc      0%         2d3       99%         4
 Leda's Liquefaction      Hex/Erth       0%         N/A       99%         4
 Manifold Assault         Tloc           0%         N/A       99%         4
 Alistair's Intoxication  Tmut/Pois      0%         N/A       100%        5
 Borgnjor's Vile Clutch   Necr/Erth      0%         N/A       100%        5
 Iskenderun's Battlesphe  Conj           0%         2d6       100%        5
 Lee's Rapid Deconstruct  Erth           0%         3d4*      100%        5
 Eringya's Noxious Bog    Tmut/Pois      0%         4d6       100%        6
 Leda's Unmaking          Conj/Erth      0%         9d1       100%        6
 Enfeeble                 Hex            0%         N/A       100%        7
 Haunt                    Necr/Summ      0%         N/A       100%        7
 Spellforged Servitor     Conj/Summ      0%         N/A       100%        7
 Infestation              Necr           0%         N/A       100%        8


Dungeon Overview and Level Annotations

Branches:
Dungeon (15/15)            Temple (0/1) D:7            Lair (5/5) D:11
 Shoals (4/4) Lair:2       Spider (0/4) Lair:3        Slime (0/5) Lair:5
    Orc (2/2) D:12            Elf (0/3) Orc:2        Vaults (0/5) D:14
 Depths (0/4) D:15         Bailey (visited)           IceCv (visited)
Gauntlet (visited)

Altars:
Ashenzari
Kikubaaqudgha
Makhleb
Nemelex Xobeh
Ru
Uskayaw
Vehumet
Wu Jian

Shops:
D:3 *   D:4 :   D:10 (   Orc:2 ([*:

Annotations:
D:3 3 runed translucent doors, arthad's ghost, amateur AtFi


Innate Abilities, Weirdness & Mutations

You are too large for most types of armour.
You have tough skin. (AC +1)
You passively map a small area around you.


Message History

Trog accepts your kill.
You feel very sick.
The satyr plays a frightful melody on its pipes!
The satyr radiates an aura of fear!
You are terrified of the satyr!
The merfolk hits you from afar with a +0 trident.
The satyr unwields a +1 spear of venom.
It stops dripping with poison.
The satyr wields a +0 longbow.
The satyr shoots an arrow.
The arrow hits you!
Your Evocations skill increases to level 7!
You throw a large rock.
The large rock closely misses the satyr.
You feel very sick. The merfolk closely misses you.
The merfolk siren chants a haunting song.
You are mesmerised by the merfolk siren!
The merfolk hits you from afar with a +0 trident!!
The satyr shoots an arrow.
The arrow hits you!!
You throw a large rock. The large rock barely misses the satyr.
You feel very sick.
The merfolk hits you from afar with a +0 trident!
The merfolk siren chants its luring song.
You are too injured to fight recklessly!
You are too injured to fight recklessly!
You chop the satyr into pieces!!! Lightning courses through the satyr!
The satyr is severely wounded.
You feel sick.
The satyr shoots an arrow.
The arrow hits you!!
The merfolk hits you from afar with a +0 trident.
The merfolk siren chants its luring song.
You attempt to attack the satyr, but flinch away in fear!
You feel sick.
The satyr shoots an arrow.
The arrow hits you!!
* * * LOW HITPOINT WARNING * * *
The merfolk hits you from afar with a +0 trident!
* * * LOW HITPOINT WARNING * * *
The merfolk siren chants its luring song.
The merfolk hits you from afar with a +0 trident!
* * * LOW HITPOINT WARNING * * *
The satyr unwields a +0 longbow.
The satyr wields a +1 spear of venom.
It begins to drip with poison!
The satyr hits you with a +1 spear of venom.
You die...

~ ~ ...~~~~~~~~~~.....~~
~
..##....~~..~~~~......~~
~
..#...................~~
,
~~~...................~~
~~~~....~~...).......~))
~
~~..m..~~~..........~~))
~~~...~~~~.........~~~~~
~
~~~~~~~~~..........~~~~~
~~~~~m~@..........~~~~~~
~~
~~~~~~c#..##.~...~~~~~~~
~~~~....#######~~~~~~~~/~
~ ~ ~~...(#~ ~*
###~~~~~### ~ ~~...#
~~~*#~~~~~# ~.... * ,
~~~~~## ~ ~... ,,~*
~~~~~# ~ .... , , ~~## ~
~ , ~


You could see a satyr (scary), a merfolk and a merfolk siren (mesmerising).

Vanquished Creatures
  Gastronok (D:8)
  An azure jelly (IceCv)
  A frost giant (D:15)
  An orc warlord (Orc:2)
  5 quicksilver oozes (IceCv)
  Nessos (D:13)
  A dire elephant (Lair:5)
  A minotaur (Gauntlet)
  A merfolk javelineer (Shoals:2)
  A fire dragon (D:15)
  A merfolk impaler (Shoals:1)
  Harold (D:9)
  6 vault guards
  2 catoblepae
  Erolcha (D:9)
  Erica (Orc:1)
  2 boulder beetles
  5 centaur warriors
  3 satyrs
  4 two-headed ogres
  5 hydras
  A merfolk avatar (Shoals:2)
  A deep troll shaman (Lair:5)
  11 death yaks
  4 orc high priests (Orc:2)
  2 tengu warriors (D:15)
  Nergalle (Orc:1)
  A soul eater (Gauntlet)
  Amaemon (D:7)
  The ghost of equiv the Slasher, a novice DgFi (D:8)
  3 skeletal warriors (D:15)
  2 skysharks
  2 sea snakes
  16 harpies
  A lindwurm (Lair:4)
  3 orc knights (Orc:2)
  4 orc sorcerers (Orc:2)
  3 deep elf pyromancers
  15 fauns
  16 cyclopes
  An ugly thing (D:13)
  2 merfolk sirens (Shoals:3)
  7 manticores
  2 water nymphs
  11 elephants
  Maurice (Orc:1)
  A moth of wrath (D:8)
  An orange demon (D:8)
  6 black mambas
  3 torpor snails
  2 ice statues
  9 cane toads
  Psyche (D:9)
  Maggie (D:8)
  2 rime drakes (Gauntlet)
  7 komodo dragons
  A freezing wraith (D:10)
  An efreet (D:14)
  4 kobold demonologists
  2 trolls (shapeshifter)
  7 trolls
  2 wind drakes
  11 merfolk
  Prince Ribbit (Bailey)
  20 blink frogs
  4 polar bears
  A hornet (D:11)
  A snapping turtle (Shoals:1)
  14 dream sheep
  19 slime creatures
  4 centaur simulacra
  A vampire (D:14)
  5 water elementals
  A wraith (D:12)
  2 shadows
  31 yaks
  4 humans
  2 wyverns (D:9)
  A golden eye (shapeshifter) (D:14)
  A redback simulacrum (D:14)
  3 redbacks (Lair:3)
  8 basilisks
  2 steam dragons (D:8)
  3 vampire mosquitoes
  Edmund (D:6)
  An acid dragon (D:10)
  12 water moccasins
  36 orc warriors
  2 black bears
  9 ice beasts
  4 sky beasts
  4 great orb of eyes simulacra (IceCv)
  2 large abominations (Gauntlet)
  4 ogres
  28 wolves
  A centaur (D:10)
  4 slime creature simulacra (IceCv)
  3 kobold brigands
  21 bullfrogs
  A gnoll sergeant (D:8)
  3 glowing shapeshifter simulacra (IceCv)
  3 two-headed ogre simulacra (D:11)
  7 scorpions
  3 wights (D:9)
  4 small abominations (Gauntlet)
  6 electric eels
  A howler monkey (D:8)
  22 orc priests
  2 gnoll boudas
  3 jellies
  3 hounds
  Jessica (D:2)
  7 iguanas
  33 orc wizards
  2 spriggan simulacra (D:11)
  A statue (D:10)
  7 shapeshifter simulacra (IceCv)
  18 gnolls
  8 adders
  A naga simulacrum (D:11)
  3 shadow imps (Gauntlet)
  4 white imps (D:11)
  3 ufetubi
  A worm (D:3)
  6 dart slugs
  75 orcs
  9 ball pythons
  10 bats
  11 endoplasms
  3 giant cockroaches
  15 goblins
  7 hobgoblins
  3 quokkas
  2 frilled lizards
  23 kobolds
  3 rats
792 creatures vanquished.

Vanquished Creatures (collateral kills)
  Urug (D:13)
  A sky beast (D:8)
  A hound (D:5)
  An orc (Bailey)
4 creatures vanquished.

Vanquished Creatures (others)
  Sigmund (D:5)
  2 humans (Bailey)
  A sky beast (D:8)
  A scorpion (D:5)
5 creatures vanquished.

Grand Total: 801 creatures vanquished

Notes
Turn   | Place    | Note
-------+----------+-------------------------------------------
     0 | D:1      | arthad the Ogre Berserker began the quest for the Orb.
     0 | D:1      | Reached XP level 1. HP: 24/24 MP: 1/1
    36 | D:1      | Reached XP level 2. HP: 22/32 MP: 2/2
   238 | D:1      | Reached XP level 3. HP: 38/40 MP: 3/3
   277 | D:1      | Reached ** piety under Trog
  1056 | D:2      | Noticed Jessica
  1061 | D:2      | Killed Jessica
  1062 | D:2      | Reached skill level 5 in Fighting
  1062 | D:2      | Reached XP level 4. HP: 50/50 MP: 4/4
  1395 | D:2      | Found a burning altar of Makhleb.
  1502 | D:2      | Reached skill level 1 in Armour
  1880 | D:3      | Found Kebeogye's General Store.
  1885 | D:3      | Bought a potion of curing for 33 gold pieces
  2105 | D:3      | Found a runed translucent gate.
  2106 | D:3      | Found a runed translucent gate.
  2106 | D:3      | Found a runed translucent gate.
  2111 | D:3      | Noticed arthad's ghost (amateur AtFi)
  2288 | D:3      | Reached XP level 5. HP: 54/57 MP: 5/5
  2397 | D:3      | Reached *** piety under Trog
  2894 | D:4      | Noticed a black bear
  3205 | D:4      | Reached XP level 6. HP: 67/67 MP: 6/6
  3344 | D:4      | Killed a black bear
  3345 | D:4      | Reached skill level 6 in Fighting
  3481 | D:4      | Found Ezilad's Book Shoppe.
  3572 | D:5      | Entered Level 5 of the Dungeon
  3576 | D:5      | Found a sacrificial altar of Ru.
  3576 | D:5      | Found a sparkling altar of Nemelex Xobeh.
  3650 | D:5      | Reached XP level 7. HP: 61/76 MP: 7/7
  3860 | D:5      | Reached skill level 5 in Axes
  4063 | D:5      | Found a broken altar of Ashenzari.
  4093 | D:5      | Noticed Sigmund
  4107 | D:5      | Killed Sigmund
  4108 | D:5      | Reached skill level 7 in Fighting
  4162 | D:5      | Reached XP level 8. HP: 35/87 MP: 8/8
  4999 | D:6      | Reached skill level 8 in Fighting
  5605 | D:6      | Reached XP level 9. HP: 83/97 MP: 9/9
  5675 | D:6      | Reached skill level 9 in Fighting
  5794 | D:6      | Noticed Edmund
  5947 | D:6      | Reached skill level 5 in Dodging
  6141 | D:6      | Killed Edmund
  6410 | D:7      | Reached skill level 5 in Armour
  6410 | D:7      | Found a flagged portal.
  6435 | Bailey   | Entered a bailey
  6465 | Bailey   | Reached **** piety under Trog
  6718 | Bailey   | Reached skill level 10 in Fighting
  6833 | Bailey   | Noticed Prince Ribbit
  6842 | Bailey   | Noticed a vault guard
  6858 | Bailey   | Gained mutation: Your spells are a little harder to cast,
                  | but a little more powerful. [potion of mutation]
  6858 | Bailey   | Lost mutation: Your spells are a little harder to cast, but
                  | a little more powerful. [potion of mutation]
  6858 | Bailey   | Gained mutation: You passively map a small area around you.
                  | [potion of mutation]
  7088 | Bailey   | Killed a vault guard
  7089 | Bailey   | Reached XP level 10. HP: 100/111 MP: 10/10
  7102 | Bailey   | Killed Prince Ribbit
  7251 | Bailey   | Noticed a vault guard
  7280 | Bailey   | Killed a vault guard
  7281 | Bailey   | Reached skill level 11 in Fighting
  7621 | D:7      | Found a staircase to the Ecumenical Temple.
  8024 | D:8      | Noticed Amaemon
  8024 | D:8      | Noticed an orange demon
  8060 | D:7      | Killed Amaemon
  8517 | D:8      | Killed an orange demon
  8782 | D:8      | Noticed Gastronok
  8802 | D:8      | HP: 2/115 [Gastronok (26)]
  9144 | D:8      | Reached skill level 12 in Fighting
  9166 | D:8      | Reached XP level 11. HP: 120/123 MP: 11/11
  9235 | D:8      | Found an ancient bone altar of Kikubaaqudgha.
  9267 | D:8      | Found a transporter.
  9267 | D:8      | Noticed a moth of wrath
  9268 | D:8      | Noticed equiv's ghost (novice DgFi)
  9323 | D:8      | Noticed Maggie
  9345 | D:8      | Killed Maggie
  9392 | D:8      | Found a transporter.
  9541 | D:8      | Identified a scroll of acquirement
  9542 | D:8      | Acquired the +8 executioner's axe "Morut" {elec, rC++
                  | Str+4}
  9556 | D:8      | Killed Gastronok
  9557 | D:8      | Reached skill level 1 in Throwing
  9877 | D:8      | Killed a moth of wrath
  9882 | D:8      | Killed equiv's ghost
 10078 | D:9      | Reached skill level 13 in Fighting
 10078 | D:9      | Reached skill level 10 in Axes
 10140 | D:9      | Noticed Erolcha
 10164 | D:9      | Killed Erolcha
 10217 | D:9      | Noticed Psyche
 10460 | D:9      | Killed Psyche
 10515 | D:9      | Noticed Harold
 10526 | D:9      | Killed Harold
 10855 | D:10     | Entered Level 10 of the Dungeon
 10866 | D:10     | Reached skill level 1 in Evocations
 10866 | D:10     | Reached XP level 12. HP: 135/136 MP: 12/12
 10903 | D:10     | Noticed a two-headed ogre
 10906 | D:10     | Killed a two-headed ogre
 10936 | D:10     | Noticed a two-headed ogre
 10940 | D:10     | Noticed a two-headed ogre
 10943 | D:10     | Killed a two-headed ogre
 10948 | D:10     | Killed a two-headed ogre
 11034 | D:10     | Reached ***** piety under Trog
 11047 | D:10     | Found a radiant altar of Vehumet.
 11127 | D:10     | Found Woigudij's Weapon Shop.
 11370 | D:10     | Noticed a centaur warrior
 11376 | D:10     | Killed a centaur warrior
 11377 | D:10     | Reached skill level 14 in Fighting
 11892 | D:11     | Noticed a two-headed ogre
 11894 | D:11     | Killed a two-headed ogre
 11936 | D:11     | Found a frozen archway.
 11976 | IceCv    | Entered an ice cave
 12003 | IceCv    | Noticed a quicksilver ooze
 12006 | IceCv    | Killed a quicksilver ooze
 12040 | IceCv    | Noticed a quicksilver ooze
 12043 | IceCv    | Reached XP level 13. HP: 148/148 MP: 13/13
 12045 | IceCv    | Killed a quicksilver ooze
 12165 | IceCv    | Noticed a quicksilver ooze
 12176 | IceCv    | Killed a quicksilver ooze
 12177 | IceCv    | Reached skill level 15 in Fighting
 12309 | IceCv    | Noticed a quicksilver ooze
 12318 | IceCv    | Killed a quicksilver ooze
 12319 | IceCv    | Reached skill level 5 in Throwing
 12407 | IceCv    | Received a gift from Trog
 12428 | IceCv    | Found a viscous altar of Jiyva.
 12428 | IceCv    | Noticed an azure jelly
 12431 | IceCv    | Noticed a quicksilver ooze
 12436 | IceCv    | Killed an azure jelly
 12438 | IceCv    | Killed a quicksilver ooze
 12543 | IceCv    | Got the ring "Xiuwuap" {rElec rF+ rC+ Int+3 Stlth+}
 13000 | D:11     | Found a staircase to the Lair.
 13348 | D:12     | Found a staircase to the Orcish Mines.
 13655 | D:12     | Identified the +0 leather armour "Pono" {rElec rPois rN+++
                  | Dex-2}
 14073 | D:13     | Noticed Urug
 14087 | D:13     | Killed Urug
 14363 | D:13     | Noticed Nessos
 14376 | D:13     | Killed Nessos
 14944 | D:14     | Reached skill level 10 in Armour
 15218 | D:14     | Reached skill level 16 in Fighting
 15218 | D:14     | Reached XP level 14. HP: 110/162 MP: 14/14
 15386 | D:14     | Found a gate to the Vaults.
 15510 | D:14     | Identified the +10 long sword "Tuerehutz" {venom, rC+ Will+
                  | Int+5}
 15676 | D:14     | Found a broken altar of Ashenzari.
 15790 | D:15     | Entered Level 15 of the Dungeon
 15802 | D:15     | Identified the staff "Jellybane" {rPois rF- rC++ rCorr
                  | Int+2 SInv Poison}
 15821 | D:15     | Found a gate leading to a gauntlet.
 15826 | Gauntlet | Entered a Gauntlet
 15826 | Gauntlet | Found a transporter.
 15847 | Gauntlet | Found a transporter.
 15862 | Gauntlet | Found a transporter.
 15869 | Gauntlet | Found a transporter.
 15885 | Gauntlet | Found a transporter.
 15905 | Gauntlet | Found a transporter.
 15917 | Gauntlet | Found a transporter.
 15929 | Gauntlet | Found a transporter.
 15941 | Gauntlet | Found a transporter.
 15953 | Gauntlet | Found a transporter.
 15970 | Gauntlet | Found a transporter.
 15987 | Gauntlet | Found a transporter.
 15989 | Gauntlet | Found a transporter.
 16029 | Gauntlet | Found a transporter.
 16054 | Gauntlet | Received a gift from Trog
 16065 | Gauntlet | Found a transporter.
 16087 | Gauntlet | Found a transporter.
 16089 | Gauntlet | Found a transporter.
 16137 | Gauntlet | Found a transporter.
 16228 | Gauntlet | Identified the ring of Jekommuf {Fly rElec rN+ Int+3}
 16403 | D:15     | Found a flickering gateway to a bazaar.
 16412 | Bazaar   | Entered a bazaar
 16412 | Bazaar   | Found Maiterukh's Armour Boutique.
 16412 | Bazaar   | Found Gieshuwn's Weapon Shop.
 16412 | Bazaar   | Found Kupa's Antique Weapon Shop.
 16424 | Bazaar   | Bought a glowing broad axe for 168 gold pieces
 16684 | D:15     | Identified the ring of Moodiness {rElec rC+ Int+4 Slay-4}
 16984 | D:15     | Found a staircase to the Depths.
 16984 | D:15     | Noticed a frost giant
 16990 | D:15     | Killed a frost giant
 17354 | Lair:1   | Entered Level 1 of the Lair of Beasts
 17519 | Lair:1   | Reached skill level 17 in Fighting
 17691 | Lair:1   | Reached skill level 5 in Evocations
 18408 | Lair:2   | Reached XP level 15. HP: 116/174 MP: 15/15
 18467 | Lair:2   | Found a hide-covered altar of Uskayaw.
 18470 | Lair:2   | Found an ornate altar of the Wu Jian Council.
 18660 | Lair:2   | Found a staircase to the Shoals.
 19555 | Lair:3   | Received a gift from Trog
 19819 | Lair:3   | Found a hole to the Spider Nest.
 20579 | Lair:4   | Identified the +1 long sword "Isituzig" {freeze, rC+ rN++}
 21230 | Lair:5   | Entered Level 5 of the Lair of Beasts
 21307 | Lair:5   | Found a staircase to the Slime Pits.
 21342 | Lair:5   | Reached skill level 18 in Fighting
 22499 | Orc:1    | Entered Level 1 of the Orcish Mines
 22499 | Orc:1    | Noticed Erica
 22499 | Orc:1    | Noticed Maurice
 22503 | Orc:1    | Killed Maurice
 22504 | Orc:1    | Reached ****** piety under Trog
 22508 | Orc:1    | Killed Erica
 22509 | Orc:1    | Reached XP level 16. HP: 187/187 MP: 16/16
 22513 | Orc:1    | Received a gift from Trog
 22690 | Orc:2    | Entered Level 2 of the Orcish Mines
 22852 | Orc:2    | Found a staircase to the Elven Halls.
 22933 | Orc:2    | HP: 7/188 [cloud of flame (6)]
 23114 | Orc:2    | Reached skill level 10 in Dodging
 23523 | Orc:2    | Found Archim Hexa's General Store.
 23524 | Orc:2    | Found Kuununt's Book Shoppe.
 23525 | Orc:2    | Found Dot Seom's Antique Armour Shoppe.
 23525 | Orc:2    | Found Jeiqa's Antique Weapon Emporium.
 23539 | Orc:2    | Bought a potion of curing for 51 gold pieces
 23665 | Orc:1    | Noticed Nergalle
 23665 | Orc:1    | Found a radiant altar of Vehumet.
 23675 | Orc:1    | Killed Nergalle
 23954 | Shoals:1 | Entered Level 1 of the Shoals
 24273 | Shoals:1 | Received a gift from Trog
 24715 | Shoals:1 | Reached skill level 19 in Fighting
 25077 | Shoals:2 | Reached skill level 15 in Axes
 26556 | Shoals:3 | Reached XP level 17. HP: 130/198 MP: 17/17
 26727 | Shoals:4 | Entered Level 4 of the Shoals
 26741 | Shoals:4 | Received a gift from Trog
 26913 | Shoals:4 | HP: 3/198 [merfolk/+0 trident (16)]
 26913 | Shoals:4 | Slain by a satyr

Illustrated notes

Levels and vault maps discovered:
D:1:      mrwooster_arrival_statue, layout_basic, lemuel_flame_loot_1
D:2:      layout_loops_corners, basic_altar, uniq_jessica
D:3:      layout_loops_corners, serial_shops, shop, gammafunk_ghost_necromancy
D:4:      layout_rooms, serial_shops, kennysheep_little_box
D:5:      layout_loops_ring, nicolae_ashenzari_panopticon,
          grunt_temple_overflow_open, uniq_sigmund
D:6:      layout_gridville, corexii_corridor_pit, uniq_edmund
D:7:      layout_basic, minmay_temple_entry_fiery, enter_bailey_5
D:8:      layout_loops_ring, general_overflow_altar,
          gammafunk_ghost_berserking_beasts, hangedman_misty_isle, uniq_maggie,
          uniq_gastronok, uniq_amaemon
D:9:      layout_irregular_city, uniq_psyche, uniq_harold, uniq_erolcha
D:10:     minmay_chambers_of_sixes, layout_cave_pools, vehumet_statue,
          nicolae_stop_n_shop_1
D:11:     layout_basic, lair_entry_dummy, serial_ice, serial_ice_o,
          serial_ice_j, serial_ice_f, serial_ice_g,
          portal_ice_cave_entry_ice_simulacra, corexii_hall_statues_t
D:12:     layout_gridville, orc_0_dummy
D:13:     layout_irregular_city, uniq_urug, uniq_nessos
D:14:     layout_small_grid, lightli_vaults_fourway_checkpoint,
          lemuel_coloured_pillars_altar, grunt_livestock
D:15:     grunt_enter_depths_snipers, layout_irregular_city,
          gauntlet_entry_generic, minivault_24, serial_shops, bzr_firewalk
Lair:1:   layout_roguey, serial_bayou_pond_d
Lair:2:   layout_small_grid, nicolae_shoals_entry_roost,
          nzn_masters_of_martial_movement, grunt_megastairs_2
Lair:3:   layout_hall_layers, spider_nest_entry_webs,
          grunt_forest_small_clearing_treed, lemuel_fruit_fields,
          serial_bayou_shore_a, grunt_megastairs_3
Lair:4:   layout_cave_pods, infiniplex_staircase_pool_2
Lair:5:   grunt_lair_end_beastmaster, layout_regular_city,
          minmay_slime_entry_pillars, st_stairs_13,
          eino_small_chamber_without_monster, disabler_island, lemuel_fruit_tree
Shoals:1: cheibrodos_shoals_roost, layout_shoals
Shoals:2: layout_shoals
Shoals:3: layout_shoals, st_cyclops
Shoals:4: shoals_end_grunt_ice, layout_shoals,
          nicolae_shoals_stone_sculpture_thing
Orc:1:    layout_caves, basic_altar, uniq_erica, uniq_nergalle, uniq_maurice
Orc:2:    st_orc_congregation, layout_diamond_mine

Skill      XL: |  1  2  3  4  5  6  7  8  9 10 11 12 13 14 15 16 17 |
---------------+----------------------------------------------------+-----
Dodging        | 3 4 5 6 7 8 9 10 | 10.4
Fighting       | 5 6 7 8 10 12 13 14 16 17 18 19 | 19.4
Armour         | 1 2 3 4 6 7 8 9 10 11 12 | 12.7
Axes           | 4 5 6 8 9 10 11 12 13 14 15 | 15.3
Throwing       | 3 4 6 7 8 9 |  9.2
Evocations     | 1 2 4 5 6 7 |  7.0

Action                     |  1- 3 |  4- 6 |  7- 9 | 10-12 | 13-15 | 16-18 || total
---------------------------+-------+-------+-------+-------+-------+-------++-------
  Melee: Hand axe          |    69 |   239 |   364 |       |       |       ||   672
         Punch             |       |     1 |     4 |     3 |     1 |       ||     9
         War axe           |       |       |    67 |       |       |       ||    67
         Broad axe         |       |       |       |   191 |    82 |       ||   273
         Executioner's axe |       |       |       |   204 |   557 |   316 ||  1077
         Unarmed           |       |       |       |    11 |       |       ||    11
  Throw: Dart              |       |     6 |     7 |    55 |       |       ||    68
         Large rock        |       |       |       |       |    79 |    76 ||   155
         Javelin           |       |       |       |       |     1 |       ||     1
 Invoke: Berserk           |       |     1 |     7 |     4 |     5 |       ||    17
         Trog's Hand       |       |       |     3 |     2 |     3 |       ||     8
         Brothers in Arms  |       |       |       |       |     1 |       ||     1
  Evoke: Wand              |       |       |     6 |    15 |     2 |       ||    23
    Use: Potion            |       |       |     9 |     3 |     5 |       ||    17
         Scroll            |       |       |     9 |     5 |    11 |     7 ||    32
   Stab: Distracted        |       |       |     1 |       |       |       ||     1
         Sleeping          |       |       |       |       |     1 |       ||     1
 Armour: Animal skin       |    34 |       |       |       |       |       ||    34
         Fire dragon scale |    41 |   187 |   307 |   162 |       |       ||   697
         Skin              |       |       |    29 |    13 |     9 |       ||    51
         Swamp dragon scal |       |       |       |   212 |   706 |   390 ||  1308
  Dodge: Dodged            |    45 |    99 |   244 |   316 |   614 |   349 ||  1667

Table legend: (Time is in decaauts)
 A = Elapsed time spent in this place.
 B = Non-inter-level travel time spent in this place.
 C = Inter-level travel time spent in this place.
 D = Time resting spent in this place.
 E = Time spent auto-exploring this place.
 F = Levels seen in this place.
 G = Mean time per level.
                   A        B        C        D        E       F      G
               +--------+--------+--------+--------+--------+-----+--------+
         Total |  27496 |  26417 |   1079 |   2004 |  18496 |  30 |  916.5 |
       Dungeon |  15329 |  14707 |    622 |   1240 |  10411 |  15 | 1021.9 |
          Lair |   5294 |   5062 |    232 |      0 |   4094 |   5 | 1058.8 |
        Shoals |   3019 |   2964 |     55 |    122 |   2302 |   4 |  754.8 |
  Orcish Mines |   1427 |   1258 |    169 |      0 |    902 |   2 |  713.5 |
        Bazaar |     20 |     20 |      0 |      0 |      7 |   1 |   20.0 |
        Bailey |   1004 |   1004 |      0 |    364 |    390 |   1 | 1004.0 |
      Ice Cave |    887 |    887 |      0 |    230 |    341 |   1 |  887.0 |
      Gauntlet |    514 |    514 |      0 |     47 |     48 |   1 |  514.0 |
               +--------+--------+--------+--------+--------+-----+--------+

Top non-repeatable levels by time:
     D:5: 1443 daAuts
     D:7: 1416 daAuts
     D:6: 1384 daAuts
     D:8: 1364 daAuts
  Lair:5: 1202 daAuts
Shoals:1: 1089 daAuts
  Lair:4: 1084 daAuts
  Lair:2: 1069 daAuts
     D:3: 1063 daAuts
     D:1: 1023 daAuts
    D:11: 1006 daAuts
  Bailey: 1004 daAuts
    D:15: 997 daAuts
  Lair:3: 994 daAuts
    D:14: 959 daAuts
